 Dungeon Crawl Stone Soup version 0.28-a0-1429-gf3d713df7a (webtiles) character file.

Game seed: 7390269095761292845

4001 tilp the Frost Mage (level 10, 45/45 HPs)
             Began as a Felid Ice Elementalist on Jan 8, 2022.
             Was a Believer of Vehumet.
             Quit the game on level 11 of the Dungeon.
             The game lasted 00:21:51 (14321 turns).

tilp the Frost Mage (Felid Ice Elementalist)       Turns: 14321, Time: 00:21:52

Health: 45/45      AC:  2    Str:  4    XL:     10   Next: 3%
Magic:  18/18      EV: 20    Int: 20    God:    Vehumet [**....]
Gold:   633        SH:  0    Dex: 18    Spells: 2/19 levels left
                                        Lives:  1   Deaths: 2

rFire   . . .      SeeInvis +     - Unarmed
rCold   . . .      Faith    .   (shield unavailable)
rNeg    . . .      Spirit   .   (armour unavailable)
rPois   .          Reflect  .   (helmet unavailable)
rElec   .          Harm     .   (cloak unavailable)
rCorr   .          Rampage  .   (gloves unavailable)
Will    +....                   (boots unavailable)
Stlth   ++++......              (no amulet)
HPRegen 0.15/turn               (no ring)
MPRegen 0.16/turn               (no ring)

@: quick
A: very small, claws 1, fangs 3, see invisible, speed 1, shaggy fur 2, stealthy
paws, no weapons or thrown items, no armour, multi-lived
a: Renounce Religion


You were on level 11 of the Dungeon.
You worshipped Vehumet.
Vehumet was pleased with you.
You visited 2 branches of the dungeon, and saw 12 of its levels.

You collected 633 gold pieces.

Inventory:

Jewellery
 i - an amulet of guardian spirit
 u - a ring of fire
Wands
 b - a wand of acid (5)
 g - a wand of polymorph (27)
 h - a wand of paralysis (5)
 j - a wand of charming (2)
 p - a wand of flame (30)
 r - a wand of mindburst (7)
 v - a wand of digging (5)
Scrolls
 a - 9 scrolls of teleportation
 e - 2 scrolls of blinking
 q - 2 scrolls of amnesia
 s - a scroll of identify
Potions
 c - 2 potions of curing
 d - a potion of lignification
 f - a potion of attraction
 k - 3 potions of heal wounds
 l - 2 potions of haste
 m - 4 potions of brilliance
 n - a potion of cancellation
 o - a potion of resistance
 t - a potion of berserk rage
 w - a potion of flight {unknown}


   Skills:
 - Level 6.0 Fighting
 - Level 6.0 Dodging
 - Level 8.0 Stealth
 - Level 6.0 Unarmed Combat
 + Level 5.1 Spellcasting
 + Level 6.1 Conjurations
 - Level 4.0 Translocations
 + Level 10.0 Ice Magic
 - Level 4.0 Evocations


You had 2 spell levels left.
You knew the following spells:

 Your Spells              Type           Power      Damage    Failure   Level
a - Freeze                Ice            100%       1d11      1%          1
b - Frozen Ramparts       Ice            90%        1d11      1%          3
c - Ozocubu's Armour      Ice            45%        N/A       1%          3
d - Hailstorm             Conj/Ice       37%        3d9       4%          4
e - Iskenderun's Mystic   Conj/Tloc      25%        2d7       14%         4
f - Blink                 Tloc           42%        N/A       3%          2

Your spell library contained the following spells:

 Spells                   Type           Power      Damage    Failure   Level
 Magic Dart               Conj           100%       1d8       1%          1
 Summon Small Mammal      Summ           20%        N/A       12%         1
 Ice Form                 Ice/Tmut       25%        N/A       14%         4
 Summon Ice Beast         Ice/Summ       25%        N/A       14%         4
 Fulminant Prism          Conj/Hex       8%         3d7       32%         4
 Call Canine Familiar     Summ           5%         N/A       34%         3
 Summon Guardian Golem    Hex/Summ       5%         N/A       34%         3
 Manifold Assault         Tloc           21%        N/A       52%         5
 Lee's Rapid Deconstruct  Erth           2%         3d6*      97%         5
 Orb of Destruction       Conj           14%        9d7       100%        7
 Spellforged Servitor     Conj/Summ      8%         N/A       100%        7
 Storm Form               Tmut/Air       2%         N/A       100%        7


Dungeon Overview and Level Annotations

Branches:
Dungeon (11/15)            Temple (1/1) D:5            Lair (0/6) D:8
    Orc: D:9-12

Altars:
Ashenzari
Cheibriados
Dithmenos
Elyvilon
Fedhas
Gozag
Hepliaklqana
Kikubaaqudgha
Makhleb
Nemelex Xobeh
Okawaru
Qazlal
Ru
Sif Muna
Uskayaw
Vehumet
Wu Jian
Xom
Yredelemnul
Zin
The Shining One

Shops:
D:6 (   D:7 =   D:9 *   D:10 (

Annotations:
D:4 3 runed translucent doors, Yorgos's ghost, amateur DsBe


Innate Abilities, Weirdness & Mutations

You have sharp claws.
You have razor-sharp teeth.
You have supernaturally acute eyesight. (SInv)
You cover ground quickly. (Speed+)
You are covered in thick fur. (AC +2)
Your paws help you pounce on unaware monsters.
You are incapable of wielding weapons or throwing items.
You cannot wear armour.
You gain extra lives every three experience levels.


Message History

Unknown command.
You barely miss the ice devil.
The ice devil is severely wounded.
The ice devil closely misses you.
There are monsters nearby!
Attack: -) Teeth and claws
Press: ? - help, Dir - move target, f/p - ice devil
Aim: an ice devil (severely wounded, covered in acid, about 31% to evade your paws)
You barely miss the ice devil.
The ice devil is severely wounded.
Unknown command.
Aiming: Corrosive Bolt
Press: ? - help, Shift-Dir - straight line, f/p - ice devil
Aim: an ice devil (severely wounded, covered in acid, 74% to hit)
The bolt of acid hits the ice devil!!
The ice devil seems to be corroded for longer.
You kill the ice devil!
Vehumet accepts your kill.
You feel your power returning.
The bolt of acid misses the ice devil.
Unknown command.
Unknown command.
You scratch the ice devil but do no damage.
Your claw misses the ice devil.
The ice devil is moderately wounded.
The ice devil barely misses you.
Unknown command.
Aiming: Corrosive Bolt
Press: ? - help, Shift-Dir - straight line, f - ice devil
Aim: an ice devil (moderately wounded, 74% to hit)
The bolt of acid hits the ice devil.
The ice devil is heavily wounded.
The ice devil hits you!
* * * LOW HITPOINT WARNING * * *
The ice devil freezes you!!
You die...
You are now level 10!
You rejoin the land of the living...
There is an open door here.
Found a stone staircase leading up.
Are you sure you want to abandon this character and quit the game? (Confirm with "yes".)

#..#.................##..>.......
...#.....###....##..#######..####
...#.....###....##..# #####..
...#................# #...... ##
#................# #......
##.#....<...........# #......
...#................# #......
...####'#############... #.[....
................@....... #######
......#################< ......#
......################# ##
.........†............. #!
...############'########## #.
...# #...........## #. ...#
#............# #. ##l#
#............#


There were no monsters in sight!

Vanquished Creatures
  A boulder beetle (D:11)
  4 two-headed ogres
  A cyclops (D:10)
  3 komodo dragons
  An ice devil (D:11)
  2 trolls
  11 yaks
  Edmund (D:4)
  2 water moccasins (D:8)
  3 orc warriors
  3 black bears (D:8)
  2 sky beasts
  5 centaurs
  3 ogres (D:6)
  A phantom (D:5)
  A kobold brigand (D:6)
  6 bullfrogs
  A water moccasin zombie (D:5)
  A killer bee (D:10)
  5 howler monkeys
  2 centaur zombies (D:9)
  3 jellies
  A gnoll shaman (D:5)
  7 orc priests
  A bullfrog skeleton (D:5)
  2 centaur skeletons
  3 iguanas
  6 orc wizards
  2 killer bee zombies (D:8)
  2 howler monkey zombies
  4 adders
  5 gnolls (D:5)
  5 white imps
  2 ufetubi
  A worm (D:2)
  A dart slug (D:3)
  19 orcs
  5 bats
  A bat zombie (D:4)
  6 endoplasms
  4 giant cockroaches
  4 goblins
  6 hobgoblins
  6 quokkas
  11 ball pythons
  3 frilled lizards (D:1)
  13 kobolds
  2 rats (D:1)
  2 rat zombies (D:4)
186 creatures vanquished.

Vanquished Creatures (others)
  An orc wizard (D:4)
  54 fungi
  44 plants
99 creatures vanquished.

Grand Total: 285 creatures vanquished

Notes
Turn   | Place    | Note
-------+----------+-------------------------------------------
     0 | D:1      | tilp the Felid Ice Elementalist began the quest for the
                  | Orb.
     0 | D:1      | Reached XP level 1. HP: 7/7 MP: 4/4
   341 | D:1      | Found a faded altar of an unknown god.
   385 | D:1      | Found Ties's Magic Scroll Shoppe.
   387 | D:1      | Reached XP level 2. HP: 11/11 MP: 6/6
   409 | D:1      | Reached skill level 4 in Ice Magic
  1325 | D:2      | Reached XP level 3. HP: 14/14 MP: 4/7
  1329 | D:2      | Learned a level 3 spell: Frozen Ramparts
  2083 | D:2      | Learned a level 3 spell: Ozocubu's Armour
  2104 | D:2      | Reached XP level 4. HP: 18/18 MP: 4/9
  2387 | D:3      | Found a blossoming altar of Fedhas.
  2398 | D:3      | Found a stormy altar of Qazlal.
  2774 | D:3      | Found a glowing golden altar of the Shining One.
  3256 | D:4      | Noticed Edmund
  3294 | D:4      | Reached skill level 5 in Ice Magic
  3493 | D:4      | Found an ancient bone altar of Kikubaaqudgha.
  3576 | D:4      | Reached XP level 5. HP: 21/21 MP: 5/10
  3962 | D:4      | Found a sacrificial altar of Ru.
  4173 | D:4      | Found a runed translucent gate.
  4180 | D:4      | Found a runed translucent gate.
  4182 | D:4      | Found a runed translucent gate.
  4492 | D:4      | Reached skill level 6 in Ice Magic
  4663 | D:4      | Found a sparkling altar of Nemelex Xobeh.
  4813 | D:4      | Noticed Yorgos's ghost (amateur DsBe)
  4835 | D:4      | Killed Edmund
  4836 | D:4      | Reached skill level 1 in Fighting
  4836 | D:4      | Reached skill level 1 in Unarmed Combat
  4836 | D:4      | Gained mutation: You are covered in thick fur. (AC +2)
                  | [Felid growth]
  4836 | D:4      | Reached XP level 6. HP: 25/25 MP: 0/11
  5080 | D:5      | Entered Level 5 of the Dungeon
  5103 | D:5      | Noticed a sky beast
  5129 | D:5      | Killed a sky beast
  5292 | D:5      | Reached XP level 7. HP: 23/30 MP: 10/12
  5402 | D:5      | Reached skill level 1 in Evocations
  5723 | D:5      | Found a shadowy altar of Dithmenos.
  5979 | D:5      | Found a staircase to the Ecumenical Temple.
  6212 | D:5      | Reached skill level 5 in Stealth
  6330 | Temple   | Entered the Ecumenical Temple
  6551 | Temple   | Became a worshipper of Vehumet
  6558 | Temple   | Learned a level 4 spell: Hailstorm
  6599 | D:6      | Found a hide-covered altar of Uskayaw.
  7069 | D:6      | Reached XP level 8. HP: 33/33 MP: 13/13
  7413 | D:6      | Reached skill level 1 in Conjurations
  8129 | D:6      | Found Terifov's Antique Weapon Shoppe.
  8278 | D:7      | Found a snail-covered altar of Cheibriados.
  8715 | D:7      | Found Bumaa's Jewellery Boutique.
  8855 | D:8      | Reached * piety under Vehumet
  8855 | D:8      | Offered knowledge of Foxfire by Vehumet.
  8925 | D:8      | Found a hazy altar of Hepliaklqana.
  8961 | D:8      | Noticed a troll
  8974 | D:8      | Killed a troll
  8975 | D:8      | Reached skill level 7 in Ice Magic
  8975 | D:8      | Reached XP level 9. HP: 29/36 MP: 8/17
  9115 | D:8      | Noticed a komodo dragon
  9239 | D:8      | Reached skill level 5 in Spellcasting
  9969 | D:8      | Killed a komodo dragon
  9970 | D:8      | Reached skill level 5 in Conjurations
  9970 | D:8      | Reached skill level 8 in Ice Magic
 10232 | D:8      | Found a staircase to the Lair.
 10574 | D:8      | Found a shimmering altar of Xom.
 10871 | D:9      | Found Duidib's Gadget Gallery.
 10924 | D:9      | Noticed a two-headed ogre
 10979 | D:9      | Learned a level 4 spell: Iskenderun's Mystic Blast
 10999 | D:9      | Noticed a two-headed ogre
 11073 | D:9      | Reached skill level 1 in Translocations
 11079 | D:9      | Identified the +7 dagger of tilp's Slow Death {vorpal,
                  | rElec rPois rN++ MP+9 Dex-3}
 11086 | D:9      | Offered knowledge of Magic Dart by Vehumet.
 11088 | D:9      | Reached ** piety under Vehumet
 11533 | D:9      | Demolished by a two-headed ogre
 11534 | D:9      | Reached XP level 8. HP: -19/33 MP: 5/16
 11674 | D:9      | Killed a two-headed ogre
 11675 | D:9      | Reached skill level 9 in Ice Magic
 11675 | D:9      | Reached XP level 9. HP: 36/36 MP: 2/17
 11820 | D:9      | Killed a two-headed ogre
 11937 | D:10     | Entered Level 10 of the Dungeon
 12052 | D:10     | Noticed a cyclops
 12070 | D:10     | Killed a cyclops
 12071 | D:10     | Reached skill level 10 in Ice Magic
 12476 | D:10     | Found a basalt altar of Yredelemnul.
 12621 | D:10     | Found Dystran's Weapon Shop.
 12688 | D:10     | Noticed a two-headed ogre
 12708 | D:10     | Killed a two-headed ogre
 12709 | D:10     | Reached skill level 5 in Dodging
 12709 | D:10     | Reached XP level 10. HP: 42/42 MP: 7/18
 13395 | D:11     | Reached skill level 5 in Unarmed Combat
 13481 | D:11     | Noticed a two-headed ogre
 13506 | D:11     | Killed a two-headed ogre
 13782 | D:11     | Noticed a boulder beetle
 13808 | D:11     | Killed a boulder beetle
 13882 | D:11     | Reached skill level 5 in Fighting
 14140 | D:11     | Reached XP level 11. HP: 38/48 MP: 7/19
 14143 | D:11     | Learned a level 2 spell: Blink
 14296 | D:11     | Slain by an ice devil
 14297 | D:11     | Reached XP level 10. HP: -2/45 MP: 16/18
 14321 | D:11     | Quit the game

Illustrated notes

Levels and vault maps discovered:
D:1:      kilobyte_arrival_exit_the_forest, layout_basic, serial_shops,
          shop_statue, basic_ecumenical_altar, dk_noncrumbling_2
D:2:      layout_rooms, serial_rivers, chequers_serial_rivers_small_b,
          chequers_serial_rivers_large_b, chequers_serial_rivers_small_a,
          chequers_serial_rivers_micro_d, chequers_serial_rivers_room_b,
          minmay_shallow_snake_nest
D:3:      layout_rooms, grunt_temple_overflow_forces_of_nature,
          mainiacjoe_overflow_boulevard
D:4:      layout_basic, lemuel_zombie_altar_kikubaaqudgha,
          mainiacjoe_overflow_alcove_4, mainiacjoe_overflow_brackets,
          gammafunk_ghost_nasty_kobolds, kennysheep_another_room, uniq_edmund
D:5:      layout_gridville, nicolae_dithmenos_through_a_glass_darkly,
          minmay_temple_entry_statues_pillars
D:6:      layout_loops_cross, eat_drink_and_be_merry_uskayaw, serial_shops,
          shop, bh_walls_and_bars
D:7:      layout_cave_pools, lemuel_crystal_altar, serial_shops,
          nicolae_lakefront_shop
D:8:      layout_basic, overflow_temple_1_default, xom_teletrap_fun,
          due_lair_maze_entry_diamond
D:9:      layout_basic, corexii_leaking_fountain, nicolae_shop_gadgets
D:10:     layout_roguey, nicolae_overflow_hidden_temple, serial_shops,
          kennysheep_mini_moat, kennysheep_small_square
D:11:     layout_stronghold, portal_ice_cave_demonic_guard
Temple:   jpeg_temple_island

Skill      XL: |  1  2  3  4  5  6  7  8  9 10 |
---------------+-------------------------------+-----
Ice Magic      | 4 5 6 9 10 | 10.0
Spellcasting   | 3 4 5 |  5.1
Fighting       | 1 2 3 6 |  6.0
Dodging        | 3 4 5 6 |  6.0
Stealth        | 3 4 6 8 |  8.0
Unarmed Combat | 1 2 3 4 6 |  6.0
Evocations     | 3 4 |  4.0
Conjurations   | 3 6 |  6.1
Translocations | 4 2 |  4.0

Action                   |  1- 3 |  4- 6 |  7- 9 | 10-12 || total
-------------------------+-------+-------+-------+-------++-------
Melee: Unarmed           |    22 |    69 |   191 |    23 ||   305
       Bite              |     2 |    14 |    31 |     1 ||    48
       Punch             |       |     2 |     7 |       ||     9
 Cast: Freeze            |    42 |    42 |    65 |     6 ||   155
       Frozen Ramparts   |     2 |    12 |    37 |     7 ||    58
       Ozocubu's Armour  |       |     3 |    38 |     9 ||    50
       Hailstorm         |       |       |     8 |    16 ||    24
       Iskenderun's Myst |       |       |     4 |     1 ||     5
Evoke: Wand              |       |       |       |     9 ||     9
  Use: Scroll            |     7 |     5 |     6 |     3 ||    21
       Potion            |       |     1 |       |       ||     1
 Stab: Sleeping          |     9 |     6 |    13 |       ||    28
Armor: Skin              |     3 |    11 |    59 |     4 ||    77
Dodge: Dodged            |    38 |    96 |   228 |    24 ||   386

Table legend: (Time is in decaauts)
 A = Elapsed time spent in this place.
 B = Non-inter-level travel time spent in this place.
 C = Inter-level travel time spent in this place.
 D = Time resting spent in this place.
 E = Time spent auto-exploring this place.
 F = Levels seen in this place.
 G = Mean time per level.
                   A        B        C        D        E       F      G
               +--------+--------+--------+--------+--------+-----+--------+
         Total |  13038 |  12623 |    415 |   2942 |   8019 |  12 | 1086.5 |
       Dungeon |  12802 |  12410 |    392 |   2942 |   7818 |  11 | 1163.8 |
        Temple |    236 |    213 |     23 |      0 |    201 |   1 |  236.0 |
               +--------+--------+--------+--------+--------+-----+--------+

Top non-repeatable levels by time:
     D:8: 1832 daAuts
     D:4: 1641 daAuts
     D:6: 1479 daAuts
     D:2: 1306 daAuts
    D:11: 1162 daAuts
     D:5: 1131 daAuts
     D:9: 1066 daAuts
    D:10: 968 daAuts
     D:3: 925 daAuts
     D:1: 771 daAuts
     D:7: 516 daAuts
  Temple: 236 daAuts
